 Dungeon Crawl Stone Soup version 0.30-a0-851-gbd0d260d8e (webtiles) character file.

Game seed: 3404787276771299016

38 CannotBeFrozen the Gusty (level 3, 0/26 HPs)
             Began as a Demigod Air Elementalist on Mar 4, 2023.
             Slain by a goblin
             ... wielding a +0 dagger
              (3 damage)
             ... on level 2 of the Dungeon.
             The game lasted 00:05:01 (1115 turns).

CannotBeFrozen the Gusty (Demigod Air Elementalist) Turns: 1115, Time: 00:05:02

Health: 0/26       AC:  2    Str:  9    XL:     3   Next: 10%
Magic:  4/9        EV: 12    Int: 21    God:
Gold:   19         SH:  0    Dex: 14    Spells: 6/7 levels left

rFire   . . .      SeeInvis .    e - +0 sling
rCold   . . .      Faith    .    (no shield)
rNeg    . . .      Spirit   .    a - +0 robe
rPois   .          Reflect  .    (no helmet)
rElec   .          Rampage  .    (no cloak)
rCorr   .                        (no gloves)
Will    .....                    (no boots)
Stlth   ++                       (no amulet)
HPRegen 0.24/turn                (no ring)
MPRegen 0.11/turn                (no ring)

@: lethally poisoned (0 -> -2), very slightly contaminated
A: high MP 1, forlorn, divine attributes
a: no special abilities


You were on level 2 of the Dungeon.
You visited 1 branch of the dungeon, and saw 2 of its levels.

You collected 19 gold pieces.

Inventory:

Hand Weapons
 e - a +0 sling (weapon)
Missiles
 f - 7 stones (quivered)
Armour
 a - a +0 robe (worn)
Magical Staves
 j - a staff of cold
Scrolls
 c - 4 scrolls of brand weapon {unknown}
 d - 2 scrolls of identify {unknown}
 h - a scroll of vulnerability {unknown}
 i - a scroll of teleportation {unknown}
Potions
 b - a potion of magic
 g - a potion of haste {unknown}


   Skills:
 - Level 1.7 Dodging
 - Level 1.7 Stealth
 + Level 2.7 Spellcasting
 - Level 1.3 Conjurations
 - Level 2.9 Air Magic


You had 6 spell levels left.
You knew the following spells:

 Your Spells              Type           Power      Damage    Failure   Level
a - Shock                 Conj/Air       48%        1d6       5%          1

Your spell library contained the following spells:

 Spells                   Type           Power      Damage    Failure   Level
 Static Discharge         Conj/Air       24%        2-3/arc   9%          2
 Poisonous Vapours        Pois/Air       18%        N/A       11%         2
 Swiftness                Air            15%        N/A       12%         3
 Cigotuvi's Dreadful Rot  Necr/Pois/Air  14%        N/A       14%         2
 Sublimation of Blood     Necr           2%         N/A       21%         2
 Mephitic Cloud           Conj/Pois/Air  9%         N/A       22%         3
 Airstrike                Air            7%         2d(2-18)  36%         4
 Petrify                  Tmut/Erth      2%         N/A       80%         4
 Irradiate                Conj/Tmut      2%         3d12      96%         5


Dungeon Overview and Level Annotations

Branches:
Dungeon (2/15)


Innate Abilities, Weirdness & Mutations

You have an increased reservoir of magic. (+10% MP)
You shall have no god before yourself.
Your divine heritage dramatically boosts your attributes as you level up.


Message History

HP: 10/20 (-5) MP: 7/8 (-1) ======------ !!
Casting: Shock (safe; 8% risk of failure)
Confirm with . or Enter, or press ? or * to list all spells.
Aiming: Shock (safe; 8% risk of failure)
Press: ? - help, Shift-Dir - straight line The zap misses the adder.
The zap hits the adder.
The adder is almost dead.
The zap misses the giant cockroach.
You feel sick. The adder closely misses you. The goblin misses you.
HP: 8/20 (-2) MP: 6/8 (-1) ====-------- !
Casting: Shock (safe; 8% risk of failure)
Confirm with . or Enter, or press ? or * to list all spells.
Aiming: Shock (safe; 8% risk of failure)
Press: ? - help, Shift-Dir - straight line You miscast Shock.
You are very lightly contaminated with residual magic.
Nothing appears to happen.
You feel sick. The adder bites you.
* * * LOW HITPOINT WARNING * * *
The goblin barely misses you.
HP: 7/20 (-1) MP: 5/8 (-1) ====--------
Casting: Shock (safe; 8% risk of failure)
Confirm with . or Enter, or press ? or * to list all spells.
Aiming: Shock (safe; 8% risk of failure)
Press: ? - help, Shift-Dir - straight line The zap hits the adder.
You kill the adder!
The zap hits the giant cockroach.
You kill the giant cockroach!
You feel sick. The goblin hits you with a +0 dagger.
* * * LOW HITPOINT WARNING * * *
You have reached level 3!
Your experience leads to a dramatic increase in your attributes!
Increase (S)trength, (I)ntelligence, or (D)exterity?
You feel clever. x4
HP: 4/26 (-3) MP: 4/9 (-1) =----------- !
Okay, then.
You feel sick.
HP: 3/26 (-1) =----------- The goblin attacks as you move away!
The goblin hits you with a +0 dagger.
You die...

.... .... .####
.... ....# ...
....# #.. #...#
#.. #...# # #..
#.###...#.# ##.
#...@g....#
......
######...###.
......
###..Kr.........
..#...
#.....##..w.....
. #.#.
#.....##....##..
...#.
#.....#####.# .
... ##
#.........K.# ..
#......###..#
#...w..#


You could see a dart slug and a goblin.

Vanquished Creatures
  An adder (D:2)
  2 ball pythons
  A bat (D:1)
  3 endoplasms (D:1)
  3 giant cockroaches
  3 goblins (D:1)
  3 hobgoblins (D:1)
  2 kobolds (D:1)
  2 quokkas (D:1)
  3 frilled lizards (D:1)
  A rat (D:1)
24 creatures vanquished.

Notes
Turn   | Place    | Note
-------+----------+-------------------------------------------
     0 | D:1      | CannotBeFrozen the Demigod Air Elementalist began the quest
                  | for the Orb.
     0 | D:1      | Reached XP level 1. HP: 14/14 MP: 5/5
    73 | D:1      | Reached skill level 1 in Conjurations
   334 | D:1      | Reached XP level 2. HP: 20/20 MP: 1/7
  1114 | D:2      | Reached XP level 3. HP: 4/26 MP: 4/9
  1115 | D:2      | Slain by a goblin

Illustrated notes

Levels and vault maps discovered:
D:1:      spicycebolla_arrival_xxxplode, layout_rooms, basic_ecumenical_altar,
          grunt_decor_fettered, minmay_misc_feat_rows, minmay_tetromino_o4
D:2:      layout_basic, uniq_natasha

Skill      XL: |  1 |
---------------+----+-----
Conjurations   | 1 |  1.3
Spellcasting   | 2 |  2.7
Dodging        | |  1.7
Stealth        | |  1.7
Air Magic      | |  2.9

Action                     || total
---------------------------++-------
  Melee: Unarmed           ||     2
   Fire: Sling             ||     5
   Cast: Shock             ||    43
 Armour: Robe              ||     4
  Dodge: Dodged            ||    18

Table legend: (Time is in decaauts)
 A = Elapsed time spent in this place.
 B = Non-inter-level travel time spent in this place.
 C = Inter-level travel time spent in this place.
 D = Time resting spent in this place.
 E = Time spent auto-exploring this place.
 F = Levels seen in this place.
 G = Mean time per level.
                   A        B        C        D        E       F      G
               +--------+--------+--------+--------+--------+-----+--------+
         Total |   1116 |   1062 |     54 |    421 |    414 |   2 |  558.0 |
       Dungeon |   1116 |   1062 |     54 |    421 |    414 |   2 |  558.0 |
               +--------+--------+--------+--------+--------+-----+--------+

Top non-repeatable levels by time:
     D:1: 1049 daAuts
     D:2: 66 daAuts
